 Dungeon Crawl Stone Soup version 0.21-a0-401-g0b6bec4 (webtiles) character file.

29623 shoryuken the Protected (level 13, -3/104 HPs)
             Began as a Gnoll Wanderer on Oct 24, 2017.
             Was a High Priest of Okawaru.
             Slain by a hog (11 damage)
             ... led by Kirke
             ... on level 4 of the Lair of Beasts.
             The game lasted 00:35:14 (23877 turns).

shoryuken the Protected (Gnoll Wanderer)           Turns: 23877, Time: 00:35:14

Health: -3/104     AC:  0    Str: 20    XL:     13   Next: 46%
Magic:  25/25      EV: 21    Int: 15    God:    Okawaru [*****.]
Gold:   827        SH:  0    Dex: 16    Spells: 24/28 levels left

rFire    . . .     SeeInvis .     - Unarmed
rCold    . . .     Gourm    .   (shield currently unavailable)
rNeg     . . .     Faith    .   (armour currently unavailable)
rPois    .         Spirit   .   (helmet currently unavailable)
rElec    .         Reflect  .   (cloak currently unavailable)
rCorr    .         Harm     .   (gloves currently unavailable)
MR       .....                  (boots currently unavailable)
Stlth    ++++......             K - amulet of rage
HPRegen  0.27/turn              (ring currently unavailable)
MPRegen  0.19/turn              (ring currently unavailable)

@: pig-form, slowed
A: distributed training, agile 1, MP-powered wands, strong nose
a: Heroism, Finesse, Renounce Religion, Evoke Berserk Rage


You were on level 4 of the Lair of Beasts.
You worshipped Okawaru.
Okawaru was extremely pleased with you.
You were hungry.
You were a filthy swine.
You visited 3 branches of the dungeon, and saw 15 of its levels.

You collected 827 gold pieces.

Inventory:

Hand Weapons
 d - the +9 longbow of Fee Simple {speed, Dex+8}
   (You acquired it on level 3 of the Lair of Beasts)

   Attacks with this weapon are significantly faster.
   It affects your dexterity (+8).
 G - a +6 flail (melded)
Missiles
 p - 187 arrows
 P - 3 throwing nets (quivered)
Armour
 a - a +2 scale mail (melded)
 i - the +0 helmet of Elyvilon's Displeasure {Str+2 Int+2 Slay-4 Stlth+, unknown}
   (You found it on level 4 of the Lair of Beasts)

   It affects your strength (+2).
   It affects your intelligence (+2).
   It affects your accuracy and damage with ranged weapons and melee attacks
   (-4).
   It makes you more stealthy.
 s - a +2 pair of boots (melded)
 C - the +1 cloak "Ikhlee Utho" (melded) {Int+4}
   (Okawaru gifted it to you on level 5 of the Dungeon)

   It affects your intelligence (+4).
 I - a +0 pair of gloves (melded)
 R - a +2 hat (melded)
Jewellery
 u - the ring "Pahank" (melded) {rC+ MP+9 Str+2 Int+2}
   (You found it on level 5 of the Dungeon)

   [ring of strength]

   It affects your strength (+2).
   It affects your intelligence (+2).
   It protects you from cold.
   It affects your magic capacity (+9).
 w - an uncursed ring of see invisible
 B - an uncursed ring of flight
 H - a +1 ring of slaying (melded)
 J - an uncursed ring of poison resistance
 K - an amulet of rage (around neck)
 L - an uncursed ring of protection from fire
 U - an uncursed ring of positive energy {unknown}
Wands
 n - a wand of flame (20/48)
 q - a wand of clouds (4/9)
 y - a wand of acid (13/15)
 D - a wand of acid (5/15)
 E - a wand of flame (13/48)
 F - a wand of random effects (25/48)
 O - a wand of acid (3/15)
 Q - a wand of iceblast (9/15)
 S - a wand of flame (19/48)
Scrolls
 c - 3 scrolls of teleportation
 e - a scroll of summoning {unknown}
 g - 6 scrolls of remove curse
 h - 3 scrolls of magic mapping
 k - 3 scrolls of immolation
 o - 2 scrolls of enchant weapon
 r - a scroll of fog {unknown}
 z - a scroll of amnesia
 A - a scroll of identify
Potions
 j - a potion of lignification
 m - 2 potions of flight
 x - 2 potions of brilliance
 V - 3 potions of magic {unknown}
 Y - 2 potions of agility {unknown}
Books
 t - a book of Debilitation

   Spells                             Type                      Level
   a - Corona                         Hexes                        1
   b - Slow                           Hexes                        2
   c - Inner Flame                    Hexes/Fire                   3
   d - Portal Projectile              Hexes/Translocation          3
   e - Cause Fear                     Hexes                        4
   f - Leda's Liquefaction            Hexes/Earth                  4
 N - a book of Misfortune

   Spells                             Type                      Level
   a - Confusing Touch                Hexes                        1
   b - Confuse                        Hexes                        3
   c - Gell's Gravitas                Translocation                3
   d - Petrify                        Transmutation/Earth          4
   e - Metabolic Englaciation         Hexes/Ice                    5
   f - Yara's Violent Unravelling     Hexes/Transmutation          5
Comestibles
 f - 40 fruits
 l - 6 bread rations
 v - 3 royal jellies
 M - 4 meat rations


   Skills:
 + Level 10.4 Fighting
 + Level 8.1 Short Blades
 + Level 8.1 Long Blades
 + Level 8.1 Axes
 + Level 8.6 Maces & Flails
 + Level 8.1 Polearms
 + Level 8.1 Staves
 + Level 8.1 Slings
 + Level 8.1 Bows
 + Level 8.1 Crossbows
 + Level 8.1 Throwing
 + Level 11.5 Armour
 + Level 8.1 Dodging
 + Level 8.5 Stealth
 + Level 8.1 Shields
 + Level 8.1 Unarmed Combat
 + Level 8.1 Spellcasting
 + Level 6.8 Conjurations
 + Level 6.8 Hexes
 + Level 6.8 Charms
 + Level 6.8 Summonings
 + Level 6.8 Necromancy
 + Level 6.8 Translocations
 + Level 6.8 Transmutations
 + Level 6.8 Fire Magic
 + Level 6.8 Ice Magic
 + Level 6.8 Air Magic
 + Level 6.8 Earth Magic
 + Level 6.8 Poison Magic
 + Level 8.9 Invocations
 + Level 8.6 Evocations


You had 24 spell levels left.
You knew the following spells:

 Your Spells              Type           Power        Failure   Level  Hunger
a - Cause Fear            Hex            ####......   7%          4    ####...


Dungeon Overview and Level Annotations

Branches:
Dungeon (10/15)            Temple (1/1) D:6            Lair (4/6) D:10
 Shoals (0/4) Lair:3       Spider (0/4) Lair:4
    Orc: D:9-12

Altars:
Ashenzari
Cheibriados
Dithmenos
Elyvilon
Fedhas
Gozag
Hepliaklqana
Kikubaaqudgha
Makhleb
Nemelex Xobeh
Okawaru
Qazlal
Ru
Sif Muna
Trog
Uskayaw
Vehumet
Wu Jian
Xom
Yredelemnul
Zin
The Shining One

Shops:
D:8 [

Annotations:
D:3 penrosetingle's ghost, novice NaAr
D:5 YoAdrian's ghost, novice OpVM
D:10 Monsterracer's ghost, novice HOEn
Lair:3 exclusion: oklob plant
Lair:4 Kirke


Innate Abilities, Weirdness & Mutations

Your experience applies equally to all skills.
((You have very sharp teeth.))
Your uncanny sense of smell can sniff out nearby items.
You are agile. (Dex +2)
You expend magic power (3 MP) to strengthen your wands.


Message History

The hog misses you.
Kirke casts a spell.
Kirke flickers and vanishes!
Deactivating autopickup; reactivate with Ctrl-A.
The lindwurm barely misses you. The lindwurm claws you!
* * * LOW HITPOINT WARNING * * *
The lindwurm claws you.
* * * LOW HITPOINT WARNING * * *
The hog completely misses you. Something barely misses you.
Unknown command.
Okay, then.
Unknown command.
Okay, then.
Unknown command.
There is a stone staircase leading up, spattered with blood here.
You feel better. The hog closely misses you.
The lindwurm closely misses you. x2
The lindwurm claws you!
* * * LOW HITPOINT WARNING * * *
The hog bites you!
You die...

##....#.#.#.#....#.#.P###.#P
#P.....#####.######.### ####
##.....# ### ### #.....# ##
#.....# #.# .
#....P######..###.#
#..............(((. ∆
#..........{....(..
#..........hh.((....
##..........k..(....
#########.P###..... ####
.### #


You could see a lindwurm and a hog.

Vanquished Creatures
  Gastronok (D:10)
  Harold (Lair:3)
  A hydra (Lair:1)
  2 two-headed ogres
  Urug (Lair:3)
  4 death yaks (Lair:4)
  A black mamba (Lair:3)
  A torpor snail (Lair:2)
  7 spiny frogs
  A rime drake (Lair:2)
  4 komodo dragons
  A polar bear (Lair:2)
  A hornet (D:9)
  10 blink frogs (Lair:3)
  4 hippogriffs
  6 dream sheep (Lair:3)
  A redback (Lair:4)
  Sigmund (D:6)
  27 yaks
  4 hogs (Lair:4)
  A wyvern (D:9)
  Grum (D:9)
  A redback simulacrum (D:10)
  17 water moccasins
  7 porcupines
  3 sky beasts
  2 black bears
  4 orc warriors
  An ice beast (D:8)
  A phantom (D:8)
  3 wolves (D:9)
  5 ogres
  6 centaurs
  12 crocodiles
  2 big kobolds
  A gnoll sergeant (D:4)
  17 bullfrogs
  3 scorpions
  6 killer bees (D:8)
  2 electric eels (Lair:2)
  6 howler monkeys
  5 wights (D:8)
  4 crimson imps
  4 hounds
  A bullfrog skeleton (D:6)
  4 gnoll shamans (D:4)
  6 orc priests
  3 centaur skeletons
  12 orc wizards
  6 worker ants
  A killer bee zombie (D:5)
  A hound zombie (D:7)
  A worker ant zombie (D:7)
  15 adders
  37 gnolls
  3 shadow imps
  An ooze (D:5)
  2 worms
  A dart slug (D:2)
  8 leopard geckos
  36 orcs
  A ball python (D:7)
  6 bats
  3 giant cockroaches
  5 goblins
  5 hobgoblins (D:2)
  23 jackals
  5 quokkas
  8 frilled lizards
  9 kobolds
  2 leopard gecko skeletons
  6 rats
404 creatures vanquished.

Vanquished Creatures (others)
  A howler monkey skeleton (D:10)
  41 fungi
  17 plants
59 creatures vanquished.

Grand Total: 463 creatures vanquished

Notes
Turn   | Place    | Note
-------+----------+-------------------------------------------
     0 | D:1      | shoryuken the Gnoll Wanderer began the quest for the Orb.
     0 | D:1      | shoryuken set off with: a +2 scale mail, a +0 mace, a scroll of teleportation, a bread ration
     0 | D:1      | Reached XP level 1. HP: 23/23 MP: 2/2
   347 | D:1      | Reached XP level 2. HP: 29/29 MP: 3/3
  1204 | D:2      | Reached XP level 3. HP: 35/35 MP: 4/4
  1220 | D:2      | Reached skill level 1 in Invocations
  1511 | D:2      | Reached skill level 1 in Short Blades
  1511 | D:2      | Reached skill level 1 in Long Blades
  1511 | D:2      | Reached skill level 1 in Axes
  1511 | D:2      | Reached skill level 1 in Polearms
  1511 | D:2      | Reached skill level 1 in Staves
  1511 | D:2      | Reached skill level 1 in Slings
  1511 | D:2      | Reached skill level 1 in Bows
  1511 | D:2      | Reached skill level 1 in Crossbows
  1511 | D:2      | Reached skill level 1 in Throwing
  1511 | D:2      | Reached skill level 1 in Dodging
  1511 | D:2      | Reached skill level 1 in Shields
  1511 | D:2      | Reached skill level 1 in Unarmed Combat
  1511 | D:2      | Reached skill level 1 in Spellcasting
  1511 | D:2      | Reached XP level 4. HP: 20/41 MP: 4/6
  2070 | D:2      | Reached skill level 1 in Conjurations
  2070 | D:2      | Reached skill level 1 in Hexes
  2070 | D:2      | Reached skill level 1 in Charms
  2070 | D:2      | Reached skill level 1 in Summonings
  2070 | D:2      | Reached skill level 1 in Necromancy
  2070 | D:2      | Reached skill level 1 in Translocations
  2070 | D:2      | Reached skill level 1 in Transmutations
  2070 | D:2      | Reached skill level 1 in Fire Magic
  2070 | D:2      | Reached skill level 1 in Ice Magic
  2070 | D:2      | Reached skill level 1 in Air Magic
  2070 | D:2      | Reached skill level 1 in Earth Magic
  2070 | D:2      | Reached skill level 1 in Poison Magic
  2366 | D:2      | Reached XP level 5. HP: 47/47 MP: 7/7
  3149 | D:3      | Noticed penrosetingle's ghost (novice NaAr)
  3163 | D:3      | Gained mutation: You expend magic power (3 MP) to strengthen your wands. [potion of mutation]
  3163 | D:3      | Gained mutation: You are agile. (Dex +2) [potion of mutation]
  3978 | D:4      | Reached XP level 6. HP: 38/53 MP: 8/8
  4907 | D:4      | Reached XP level 7. HP: 6/59 MP: 10/10
  5339 | D:4      | HP: 2/60 [gnoll (7)]
  6267 | D:4      | Reached skill level 9 in Armour
  6548 | D:4      | Reached XP level 8. HP: 35/67 MP: 12/12
  7963 | D:5      | Entered Level 5 of the Dungeon
  8093 | D:5      | Got an ancient steel ring
  8404 | D:5      | Noticed YoAdrian's ghost (novice OpVM)
  9198 | D:6      | Found a staircase to the Ecumenical Temple.
  9200 | D:6      | Noticed Sigmund
  9217 | D:6      | Killed Sigmund
  9374 | D:6      | Identified the ring "Pahank" {rC+ MP+9 Str+2 Int+2} (You found it on level 5 of the Dungeon)
  9380 | Temple   | Entered the Ecumenical Temple
  9436 | Temple   | Became a worshipper of Warmaster Okawaru
  9510 | D:6      | Found a sparkling altar of Nemelex Xobeh.
 10336 | D:7      | Reached XP level 9. HP: 66/72 MP: 14/14
 10440 | D:7      | Reached * piety under Okawaru
 10963 | D:7      | Reached skill level 5 in Maces & Flails
 10963 | D:7      | Reached skill level 5 in Evocations
 11604 | D:8      | Reached skill level 5 in Stealth
 11826 | D:8      | Found Suuwett's Antique Armour Emporium.
 11857 | D:8      | Reached ** piety under Okawaru
 12301 | D:8      | Reached skill level 5 in Invocations
 12603 | D:8      | Reached XP level 10. HP: 72/80 MP: 17/17
 13057 | D:9      | Reached skill level 5 in Short Blades
 13057 | D:9      | Reached skill level 5 in Long Blades
 13057 | D:9      | Reached skill level 5 in Axes
 13057 | D:9      | Reached skill level 5 in Polearms
 13057 | D:9      | Reached skill level 5 in Staves
 13057 | D:9      | Reached skill level 5 in Slings
 13057 | D:9      | Reached skill level 5 in Bows
 13057 | D:9      | Reached skill level 5 in Crossbows
 13057 | D:9      | Reached skill level 5 in Throwing
 13057 | D:9      | Reached skill level 5 in Dodging
 13057 | D:9      | Reached skill level 5 in Shields
 13057 | D:9      | Reached skill level 5 in Unarmed Combat
 13057 | D:9      | Reached skill level 5 in Spellcasting
 13452 | D:9      | Got a smelly ring mail
 13477 | D:9      | Reached skill level 10 in Armour
 13643 | D:9      | Identified the +2 ring mail of Context {+Fly rF- MR+} (You found it on level 9 of the Dungeon)
 13890 | D:9      | Noticed a two-headed ogre
 13909 | D:9      | Killed a two-headed ogre
 14655 | D:9      | Noticed Grum
 15177 | D:9      | Reached *** piety under Okawaru
 15250 | D:9      | Killed Grum
 15256 | D:9      | Reached XP level 11. HP: 86/87 MP: 19/19
 15523 | D:10     | Entered Level 10 of the Dungeon
 15819 | D:10     | Found a staircase to the Lair.
 15820 | D:10     | Noticed a two-headed ogre
 15821 | D:10     | Noticed Monsterracer's ghost (novice HOEn)
 15854 | D:10     | Killed a two-headed ogre
 15854 | D:10     | Reached skill level 5 in Conjurations
 15854 | D:10     | Reached skill level 5 in Hexes
 15854 | D:10     | Reached skill level 5 in Charms
 15854 | D:10     | Reached skill level 5 in Summonings
 15854 | D:10     | Reached skill level 5 in Necromancy
 15854 | D:10     | Reached skill level 5 in Translocations
 15854 | D:10     | Reached skill level 5 in Transmutations
 15854 | D:10     | Reached skill level 5 in Fire Magic
 15854 | D:10     | Reached skill level 5 in Ice Magic
 15854 | D:10     | Reached skill level 5 in Air Magic
 15854 | D:10     | Reached skill level 5 in Earth Magic
 15854 | D:10     | Reached skill level 5 in Poison Magic
 16542 | D:9      | Received a gift from Okawaru
 16701 | D:10     | Noticed Gastronok
 16743 | D:10     | HP: 2/89 [Gastronok (25)]
 16746 | D:10     | Killed Gastronok
 16746 | D:10     | Reached **** piety under Okawaru
 17221 | D:10     | Received a gift from Okawaru
 17426 | Lair:1   | Entered Level 1 of the Lair of Beasts
 17813 | Lair:1   | Reached ***** piety under Okawaru
 18336 | Lair:1   | Learned a level 4 spell: Cause Fear
 18424 | Lair:1   | Noticed a six-headed hydra
 18436 | Lair:1   | Killed a six-headed hydra
 18436 | Lair:1   | Reached XP level 12. HP: 56/96 MP: 22/22
 19789 | Lair:2   | Received a gift from Okawaru
 19789 | Lair:2   | Reached skill level 11 in Armour
 20053 | Lair:3   | Noticed Urug
 20057 | Lair:3   | Noticed Harold
 20083 | Lair:3   | Killed Urug
 20083 | Lair:3   | Received a gift from Okawaru
 20095 | Lair:3   | Killed Harold
 20251 | Lair:3   | Received a gift from Okawaru
 20458 | Lair:3   | Found a staircase to the Shoals.
 20478 | Lair:3   | Reached skill level 10 in Fighting
 20986 | Lair:3   | Reached XP level 13. HP: 101/103 MP: 24/24
 21972 | Lair:3   | Identified a scroll of acquirement
 21973 | Lair:3   | Got a faintly glowing longbow
 21979 | Lair:3   | Identified the +9 longbow of Fee Simple {speed, Dex+8} (You acquired it on level 3 of the Lair of Beasts)
 22692 | D:5      | Received a gift from Okawaru
 22693 | D:5      | Got a brightly glowing cloak {god gift}
 22805 | D:5      | Identified the +1 cloak "Ikhlee Utho" {Int+4} (Okawaru gifted it to you on level 5 of the Dungeon)
 23172 | Lair:4   | Found a hole to the Spider Nest.
 23249 | Lair:4   | Got a heavily runed helmet
 23857 | Lair:4   | Noticed Kirke
 23875 | Lair:4   | HP: 5/104 [lindwurm[Kirke] (6)]
 23877 | Lair:4   | Slain by a hog

Vault maps used:
D:1:      dpeg_arrival_arbitrary_b
D:3:      first_bread
D:4:      lemuel_castle_with_subvaults
D:6:      nemelex_xobeh_ov_fountains_minmay, minmay_temple_entry_glass,
          uniq_sigmund
D:8:      serial_shops, nicolae_shop_overgrown_old_shop
D:9:      blue_anna_alchemist, uniq_grum
D:10:     due_lair_maze_entry_diamond, serial_park_tiny_2, uniq_gastronok
Temple:   nicolae_temple_the_god_donut
Lair:1:   cheibrodos_lair_reptile_den, serial_bayou_shore_b
Lair:2:   serial_bayou_shore_a, serial_bayou_shore_b, lemuel_fruit_fields
Lair:3:   minmay_shoals_entry_centaurs, minmay_lair_oklob_bushes, uniq_urug,
          uniq_harold
Lair:4:   spider_nest_entry_a, grunt_megastairs_1, uniq_kirke

Skill      XL: |  1  2  3  4  5  6  7  8  9 10 11 12 13 |
---------------+----------------------------------------+-----
Invocations    | 1 2 3 4 5 6 7 8 |  8.9
Short Blades   | 1 2 3 4 5 6 7 8 |  8.1
Long Blades    | 1 2 3 4 5 6 7 8 |  8.1
Axes           | 1 2 3 4 5 6 7 8 |  8.1
Polearms       | 1 2 3 4 5 6 7 8 |  8.1
Staves         | 1 2 3 4 5 6 7 8 |  8.1
Slings         | 1 2 3 4 5 6 7 8 |  8.1
Bows           | 1 2 3 4 5 6 7 8 |  8.1
Crossbows      | 1 2 3 4 5 6 7 8 |  8.1
Throwing       | 1 2 3 4 5 6 7 8 |  8.1
Dodging        | 1 2 3 4 5 6 7 8 |  8.1
Shields        | 1 2 3 4 5 6 7 8 |  8.1
Unarmed Combat | 1 2 3 4 5 6 7 8 |  8.1
Spellcasting   | 1 2 3 4 5 6 7 8 |  8.1
Conjurations   | 1 2 3 4 5 6 |  6.8
Hexes          | 1 2 3 4 5 6 |  6.8
Charms         | 1 2 3 4 5 6 |  6.8
Summonings     | 1 2 3 4 5 6 |  6.8
Necromancy     | 1 2 3 4 5 6 |  6.8
Translocations | 1 2 3 4 5 6 |  6.8
Transmutations | 1 2 3 4 5 6 |  6.8
Fire Magic     | 1 2 3 4 5 6 |  6.8
Ice Magic      | 1 2 3 4 5 6 |  6.8
Air Magic      | 1 2 3 4 5 6 |  6.8
Earth Magic    | 1 2 3 4 5 6 |  6.8
Poison Magic   | 1 2 3 4 5 6 |  6.8
Maces & Flails | 3 4 5 6 7 8 |  8.6
Evocations     | 3 4 5 6 7 8 |  8.6
Stealth        | 3 4 5 6 7 8 |  8.5
Fighting       | 7 8 9 10 | 10.4
Armour         | 9 10 11 | 11.5

Action                   |  1- 3 |  4- 6 |  7- 9 | 10-12 | 13-15 || total
-------------------------+-------+-------+-------+-------+-------++-------
Melee: Mace              |    77 |   298 |   186 |       |       ||   561
       Bite              |     4 |    41 |   102 |   133 |     8 ||   288
       Spear             |       |       |    22 |       |       ||    22
       Whip              |       |       |   482 |    14 |       ||   496
       Flail             |       |       |     6 |   810 |    54 ||   870
       Unarmed           |       |       |       |       |     2 ||     2
       Punch             |       |       |       |       |     1 ||     1
 Fire: Longbow           |       |       |       |       |   101 ||   101
Throw: Stone             |       |     1 |    11 |       |       ||    12
       Throwing net      |       |       |     1 |     1 |       ||     2
Invok: Heroism           |       |       |     5 |    28 |     4 ||    37
       Finesse           |       |       |       |     1 |     1 ||     2
  Use: Potion            |       |     4 |     1 |     5 |     1 ||    11
       Scroll            |       |     1 |    10 |    14 |     2 ||    27
 Stab: Sleeping          |       |       |     1 |     5 |     1 ||     7
       Distracted        |       |       |     1 |     3 |       ||     4
       Held in net/web   |       |       |       |     2 |       ||     2
  Eat: Bread ration      |     1 |       |       |     2 |       ||     3
       Chunk             |       |     9 |    20 |    15 |     8 ||    52
       Meat ration       |       |       |     1 |       |       ||     1
       Fruit             |       |       |       |     4 |       ||     4
Armor: Scale mail        |    47 |   119 |   175 |   269 |    26 ||   636
Dodge: Dodged            |    30 |   154 |   290 |   632 |    78 ||  1184
Block: Buckler           |    10 |    55 |   163 |   297 |     6 ||   531

Table legend:
 A = Spawn XP
 B = Non-spawn XP
 C = Spawn XP percentage of total XP
 D = Spawn monster count
 E = Non-spawn monster count
 F = Spawn count percentage of total count
 G = Total turns spent on level
                    A         B        C        D         E        F      G
               +---------+---------+-------+---------+---------+-------+---------
         Total |       0 |   42319 |   0.0 |       0 |     405 |   0.0 | 23877
               +---------+---------+-------+---------+---------+-------+---------
           D:1 |       0 |      27 |   0.0 |       0 |      16 |   0.0 |  1465
           D:2 |       0 |     148 |   0.0 |       0 |      33 |   0.0 |  1466
           D:3 |       0 |     148 |   0.0 |       0 |      19 |   0.0 |  1218
           D:4 |       0 |    1155 |   0.0 |       0 |      67 |   0.0 |  4161
           D:5 |       0 |     478 |   0.0 |       0 |      16 |   0.0 |   959
           D:6 |       0 |     592 |   0.0 |       0 |      11 |   0.0 |  1512
           D:7 |       0 |    1223 |   0.0 |       0 |      33 |   0.0 |  1356
           D:8 |       0 |    1933 |   0.0 |       0 |      37 |   0.0 |  2042
           D:9 |       0 |    4178 |   0.0 |       0 |      36 |   0.0 |  2637
          D:10 |       0 |    5598 |   0.0 |       0 |      26 |   0.0 |  1250
        Lair:1 |       0 |    3600 |   0.0 |       0 |      20 |   0.0 |  1706
        Lair:2 |       0 |    5231 |   0.0 |       0 |      25 |   0.0 |  1255
        Lair:3 |       0 |   10702 |   0.0 |       0 |      42 |   0.0 |  2036
        Lair:4 |       0 |    7306 |   0.0 |       0 |      24 |   0.0 |   753
               +---------+---------+-------+---------+---------+-------+---------
